Map: [ESL] Oceanborn

Players

Reynor

  • Race: Zerg Zerg
  • Spawn Location: 11:00

ByuN - Winner!

  • Race: Terran Terran
  • Spawn Location: 5:00

Event: ESL SC2 Masters 2023 Winter (Finals)

VOD

Have the link to the VOD?

Description

Time

  • Played on: Dec. 15, 2023, 3:42 p.m.
  • Length: 24:33

All games in this series

Show
View Real Time Build Order
Export as new Build Order

Reynor Zerg 

Build Orders: Pool First, Lurkers 

Get SALT Encoding   

  12  0:00  Drone  
  13  0:11  Overlord  
  13  0:17  Drone  
  14  0:29  Drone  
  14  0:30  Drone  
  16  0:41  Spawning Pool  
  15  0:45  Drone  
  15  0:48  Drone  
  17  1:08  Hatchery  
  17  1:11  Drone  
  17  1:28  Zergling x6  
  17  1:30  Queen  
  22  1:39  Overlord  
  22  1:45  Extractor  
  21  1:49  Drone  
  22  2:00  Drone  
  23  2:05  Queen  
  25  2:11  Drone  
  26  2:20  Drone  
  26  2:22  Drone  
  28  2:24  Hatchery  
  27  2:31  Drone  
  27  2:33  Drone  
  29  2:43  Drone x3  
  32  2:47  Roach Warren  
  32  2:50  Drone  
  32  2:57  Overlord  
  32  3:02  Queen  
  35  3:05  Drone  
  35  3:08  Drone  
  36  3:15  Drone x2  
  36  3:16  Drone x2  
  40  3:21  Overlord  
  40  3:31  Overlord  
  40  3:49  Roach x6  
  40  3:50  Roach  
  40  3:52  Drone x2  
  56  3:56  Overlord  
  56  3:59  Queen  
  58  4:03  Overlord  
  58  4:12  Overlord  
  58  4:15  Drone x5  
  63  4:18  Drone  
  63  4:20  Drone  
  63  4:23  Drone x2  
  67  4:25  Drone  
  67  4:29  Lair  
  68  4:32  Drone  
  68  4:33  Extractor  
  68  4:34  Drone  
  68  4:35  Drone  
  68  4:38  Drone  
  70  4:40  Drone, Extractor  
  70  4:41  Drone  
  70  4:44  Overlord  
  71  4:47  Drone x2  
  71  4:49  Drone  
  71  4:50  Drone  
  71  4:52  Drone  
  76  4:53  Drone  
  77  5:00  Overlord  
  77  5:03  Drone x5  
  77  5:05  Drone  
  83  5:09  Evolution Chamber  
  82  5:15  Drone x3  
  82  5:20  Evolution Chamber  
  84  5:22  Drone x2  
  84  5:23  Drone  
  84  5:24  Extractor  
  84  5:28  Glial Reconstitution, Hatchery  
  85  5:29  Drone  
  85  5:30  Drone x3  
  85  5:33  Overlord  
  85  5:35  Overlord  
  89  5:36  Drone  
  89  5:38  Drone  
  89  5:39  Extractor  
  89  5:42  Zerg Ground Armor Level 1  
  90  5:44  Roach x2  
  90  5:48  Roach x2  
  98  5:50  Extractor, Drone  
  98  5:52  Zerg Missile Weapons Level 1  
  98  5:53  Drone  
  98  5:56  Drone  
  100  5:58  Roach  
  100  5:59  Spore Crawler, Roach  
  100  6:02  Drone  
  104  6:05  Infestation Pit  
  104  6:08  Drone, Spore Crawler  
  104  6:11  Spore Crawler, Overlord  
  102  6:12  Roach  
  102  6:13  Roach  
  106  6:23  Overlord  
  106  6:26  Roach x2  
  106  6:27  Roach x2  
  106  6:28  Overlord  
  106  6:30  Drone x5  
  106  6:31  Drone  
  120  6:34  Overlord  
  120  6:36  Drone  
  120  6:37  Drone  
  120  6:39  Overlord  
  122  6:46  Hive  
  122  6:47  Infestor x2  
  122  6:49  Drone x3  
  122  6:50  Drone  
  130  6:56  Queen  
  130  6:57  Extractor  
  130  6:59  Extractor, Spore Crawler  
  130  7:00  Drone  
  130  7:02  Hydralisk Den  
  130  7:05  Roach x3  
  133  7:10  Overlord  
  133  7:11  Roach x3  
  133  7:13  Drone x2  
  141  7:16  Overlord  
  141  7:17  Drone  
  141  7:18  Drone  
  141  7:22  Metabolic Boost  
  143  7:28  Overlord  
  143  7:35  Roach x6  
  143  7:36  Roach x2  
  159  7:39  Overlord  
  159  7:43  Ravager x5  
  162  7:45  Queen  
  156  7:51  Roach x2  
  156  7:52  Roach x4  
  156  7:54  Overlord  
  164  8:04  Infestor  
  164  8:06  Drone  
  164  8:09  Drone, Lurker Den  
  164  8:12  Overlord  
  163  8:14  Viper  
  163  8:15  Viper  
  163  8:16  Zergling x2  
  163  8:17  Zergling x18  
  177  8:32  Ravager x2  
  179  8:35  Overlord  
  179  8:36  Hydralisk x4  
  179  8:39  Roach x5  
  196  8:42  Hatchery  
  187  8:57  Roach x5  
  187  8:58  Roach x2  
  195  9:08  Lurker x4  
  195  9:09  Zergling x20  
  192  9:17  Roach x4  
  192  9:21  Seismic Spines  
  190  9:36  Roach x5  
  196  9:43  Roach x6  
  199  9:45  Zerg Missile Weapons Level 2  
  199  9:46  Zerg Ground Armor Level 2  
  199  9:58  Roach x3  
  198  10:09  Roach x5  
  195  10:15  Roach x2  
  177  10:22  Hydralisk x4  
  177  10:24  Zergling x20  
  185  10:32  Roach x3  
  185  10:33  Queen  
  175  10:36  Hydralisk x2  
  175  10:39  Adaptive Talons  
  177  10:43  Drone x4  
  177  10:49  Hydralisk x3  
  172  11:00  Lurker x3  
  172  11:01  Lurker  
  172  11:04  Zergling x8, Lurker  
  180  11:05  Drone  
  180  11:06  Drone x2  
  180  11:10  Hydralisk x2  
  180  11:11  Zergling x12  
  191  11:15  Extractor, Spore Crawler x2, Lurker  
  191  11:16  Extractor  
  191  11:22  Hatchery  
  187  11:27  Lurker  
  187  11:28  Lurker  
  189  11:40  Hydralisk x2  
  189  11:44  Lurker x2  
  192  12:00  Burrow  
  192  12:03  Lurker  
  192  12:04  Zergling x12  
  192  12:05  Zergling x2  
  200  12:09  Spore Crawler  
  200  12:11  Spine Crawler  
  192  12:27  Hydralisk  
  192  12:28  Hydralisk x4  
  195  12:36  Hydralisk x4  
  195  12:37  Zergling x8  
  199  12:48  Zerg Melee Weapons Level 1, Zerg Ground Armor Level 3  
  199  12:51  Baneling Nest  
  198  13:04  Lurker x3  
  192  13:17  Zergling x22  
  192  13:18  Adrenal Glands  
  200  13:47  Infestor  
  188  14:02  Lurker  
  188  14:03  Lurker x6  
  188  14:04  Zergling x2  
  188  14:05  Zergling x8  
  188  14:08  Extractor  
  199  14:15  Centrifugal Hooks  
  199  14:18  Hatchery  
  189  14:28  Zergling x26  
  190  14:35  Hydralisk x4  
  183  14:39  Hydralisk x2  
  183  14:40  Zergling x4  
  183  14:44  Hydralisk x2  
  183  14:45  Zergling x14  
  181  14:52  Hydralisk x3  
  176  14:53  Zergling x2  
  181  15:00  Hatchery  
  181  15:02  Zergling x2, Hydralisk x2  
  181  15:03  Zergling x2  
  181  15:06  Queen  
  172  15:10  Hydralisk x2  
  173  15:15  Hydralisk x2  
  173  15:16  Zergling x12  
  183  15:21  Baneling x13  
  183  15:24  Muscular Augments  
  183  15:26  Zergling x4  
  183  15:27  Zergling x2  
  186  15:32  Zergling x2  
  186  15:33  Zergling x4  
  186  15:35  Lurker x2  
  191  15:37  Zergling x2  
  191  15:40  Zergling x6  
  194  15:46  Zergling x14  
  198  15:53  Baneling  
  198  15:54  Baneling x7  
  198  15:59  Overseer  
  198  16:00  Pneumatized Carapace, Overseer  
  198  16:04  Drone x2  
  198  16:05  Drone, Spore Crawler  
  197  16:22  Zerg Melee Weapons Level 2  
  197  16:23  Zerg Missile Weapons Level 3  
  197  16:25  Drone x3  
  200  16:28  Grooved Spines  
  193  16:35  Zergling x26  
  182  16:41  Zergling x38  
  188  16:55  Zergling x14  
  188  16:56  Zergling x4  
  188  17:00  Zergling x6  
  171  17:01  Queen  
  166  17:11  Hydralisk x3  
  166  17:12  Zergling x12  
  177  17:19  Hydralisk x2  
  177  17:20  Zergling x6  
  177  17:21  Queen  
  183  17:24  Drone  
  183  17:25  Drone  
  183  17:28  Hydralisk  
  183  17:29  Zergling x4  
  170  17:38  Drone x5  
  170  17:39  Drone, Queen  
  170  17:42  Hydralisk x3  
  170  17:43  Zergling x2  
  185  17:48  Infestor x2  
  189  17:51  Baneling x17  
  189  17:57  Viper  
  192  18:01  Hatchery  
  191  18:10  Zergling x18  
  191  18:38  Drone x7  
  191  18:39  Zergling x34  
  191  18:40  Zergling x4  
  191  18:54  Lurker x5  
  187  18:57  Zergling x24  
  197  19:26  Zergling x16  
  197  19:29  Infestor  
  193  19:41  Baneling x3  
  193  19:42  Baneling x17  
  193  19:43  Zergling x14  
  196  20:08  Infestor  
  196  20:11  Zergling x2  
  196  20:12  Zergling x30  
  198  20:26  Hydralisk  
  198  20:27  Zergling x24  
  189  20:32  Hydralisk  
  167  20:36  Hydralisk  
  167  20:37  Zergling x2  
  167  20:38  Zergling x2, Hydralisk x2  
  167  20:41  Hydralisk  
  172  20:45  Baneling  
  172  20:46  Viper x2, Baneling x10  
  178  20:50  Zergling x8, Hydralisk  
  178  20:51  Zergling x2  
  178  20:53  Queen  
  178  20:54  Spore Crawler  
  178  20:55  Spore Crawler  
  178  20:56  Zergling x10, Hydralisk  
  186  20:58  Baneling x7  
  186  21:00  Hydralisk x2  
  186  21:01  Zergling x2  
  187  21:08  Zergling x4, Hydralisk  
  187  21:11  Zergling x4, Hydralisk  
  182  21:16  Zergling x2, Hydralisk x2  
  182  21:17  Zergling x2  
  187  21:19  Hydralisk  
  187  21:20  Zergling x4  
  187  21:21  Zergling x8  
  185  21:25  Drone x6  
  185  21:26  Drone x10  
  185  21:29  Zergling x6  
  185  21:31  Hydralisk x2  
  185  21:32  Zergling x2  
  176  21:41  Hatchery  
  176  21:43  Zergling x2  
  176  21:44  Zergling x16  
  175  21:56  Hatchery  
  162  22:02  Infestor  
  136  22:12  Infestor  
  127  22:15  Zergling x6  
  127  22:26  Lurker  
  127  22:36  Zergling x4  
  122  22:45  Zergling x6  
  122  22:48  Baneling x2  
  117  22:54  Zergling x6  
  116  22:59  Zergling x4  
  116  23:00  Drone x11  
  113  23:08  Zergling x2  
  113  23:09  Zergling x6  
  113  23:10  Zergling x2  
  116  23:20  Lurker  
  116  23:22  Zergling x8  
  116  23:23  Zergling x2  
  122  23:32  Overseer  
  122  23:33  Overseer  
  122  23:34  Zergling x12  
  128  23:45  Zergling x18  
  128  23:46  Zergling x2  
  122  23:55  Zergling x16  
  121  24:03  Zergling x14  
  127  24:14  Zergling x18  
Show
View Real Time Build Order
Export as new Build Order

ByuN Terran - Winner!

Build Orders:  

Get SALT Encoding   

  12  0:00  SCV  
  13  0:12  SCV  
  14  0:17  Supply Depot  
  14  0:24  SCV  
  15  0:39  Barracks, SCV  
  16  0:43  Refinery  
  16  0:51  SCV  
  17  1:03  SCV  
  18  1:15  SCV  
  19  1:27  Orbital Command  
  20  1:35  Command Center  
  20  1:38  Marine  
  20  1:49  Factory  
  20  1:53  SCV  
  21  2:02  Barracks Reactor  
  21  2:05  SCV  
  21  2:06  Supply Depot  
  22  2:17  SCV  
  23  2:29  SCV  
  24  2:32  Command Center  
  24  2:41  SCV, Marine x2  
  27  2:45  Hellion  
  29  2:52  Orbital Command  
  29  2:55  SCV  
  30  3:07  SCV  
  30  3:11  Barracks Tech Lab  
  31  3:13  Cyclone x2  
  31  3:18  SCV  
  31  3:19  SCV  
  37  3:29  Refinery  
  37  3:30  SCV  
  37  3:31  SCV, Marine  
  40  3:38  Stimpack  
  40  3:42  SCV  
  40  3:43  SCV  
  40  3:45  Hellion x2  
  46  3:48  Orbital Command  
  46  3:51  Marine  
  46  3:54  SCV  
  48  3:55  SCV  
  49  4:06  SCV, Supply Depot  
  49  4:08  SCV  
  49  4:09  Marine  
  52  4:11  Barracks  
  52  4:14  Barracks  
  52  4:15  Factory Reactor  
  52  4:18  SCV  
  52  4:19  SCV  
  52  4:20  SCV  
  55  4:27  Marine, Engineering Bay  
  55  4:28  Engineering Bay  
  56  4:34  SCV x2  
  56  4:35  SCV  
  56  4:37  Supply Depot  
  56  4:38  Refinery  
  59  4:45  Marine  
  60  4:46  SCV x2  
  60  4:47  SCV  
  60  4:51  Supply Depot  
  63  4:57  Orbital Command  
  63  4:58  Terran Infantry Weapons Level 1, SCV x2, Starport  
  63  4:59  Factory Reactor  
  66  5:00  Terran Infantry Armor Level 1  
  66  5:01  Marine  
  66  5:05  Marine x3  
  66  5:06  Marine  
  70  5:12  SCV, Refinery  
  70  5:13  Supply Depot  
  71  5:14  SCV  
  71  5:19  Supply Depot  
  72  5:25  SCV x2  
  72  5:27  Marine x2, SCV  
  77  5:28  Combat Shield  
  77  5:30  Supply Depot  
  77  5:31  Marine  
  77  5:32  Marine  
  77  5:33  Marine  
  82  5:43  SCV  
  82  5:44  Factory Tech Lab, SCV x2  
  82  5:45  Medivac x2  
  82  5:47  Marine  
  82  5:48  Marine  
  82  5:49  Marine x2  
  90  5:51  Marine  
  90  5:53  Supply Depot  
  90  5:55  SCV  
  90  5:56  SCV x2  
  95  6:01  Barracks  
  95  6:02  Barracks  
  95  6:03  Siege Tank  
  98  6:08  SCV x3  
  101  6:13  Armory  
  101  6:15  Supply Depot, Marine x5  
  106  6:20  SCV x3  
  106  6:24  Supply Depot  
  109  6:32  SCV x3  
  112  6:35  Siege Tank, Marine x2  
  112  6:36  Marine x3  
  120  6:41  Medivac x2  
  120  6:44  SCV, Supply Depot  
  120  6:46  SCV x2  
  127  6:48  Supply Depot  
  127  6:57  Barracks Reactor x2, Refinery x2  
  127  6:58  Marine x2  
  127  6:59  Marine  
  133  7:03  Marine x2  
  133  7:06  Terran Infantry Armor Level 2  
  130  7:11  Terran Infantry Weapons Level 2  
  130  7:16  Marine x3  
  130  7:17  SCV x2  
  130  7:18  SCV  
  130  7:21  Marine x2  
  138  7:23  Siege Tank, Supply Depot x2  
  141  7:30  Command Center  
  141  7:34  Marine  
  142  7:41  Marine x6  
  142  7:42  Marine  
  149  7:44  Marine  
  145  7:52  Marine  
  145  7:55  Siege Tank  
  145  7:58  Terran Vehicle Weapons Level 1, Marine  
  149  7:59  Marine x3  
  149  8:00  Supply Depot  
  149  8:01  Supply Depot  
  149  8:02  Supply Depot  
  149  8:05  Marine  
  152  8:06  Marine x3  
  152  8:07  Medivac x2  
  152  8:10  Marine  
  158  8:16  Marine x3  
  158  8:17  Marine  
  158  8:18  Factory  
  160  8:23  Marine x2  
  160  8:24  Marine x2  
  160  8:25  Barracks x2  
  164  8:27  Barracks, Siege Tank  
  164  8:29  Marine  
  168  8:34  Marine x3  
  168  8:37  Medivac  
  173  8:44  Marine x2  
  173  8:47  Marine x2  
  173  8:50  Marine x2  
  173  8:52  Marine x3  
  164  8:59  Siege Tank  
  164  9:02  Marine x2  
  162  9:04  Marine x2  
  162  9:07  Medivac  
  162  9:08  Marine x2  
  162  9:09  Medivac  
  163  9:10  Marine x3  
  163  9:12  Factory Tech Lab  
  164  9:20  Marine x2  
  164  9:22  Marine x2  
  166  9:24  Barracks Tech Lab  
  166  9:25  Barracks Tech Lab x2, Marine x2  
  166  9:27  Marine  
  166  9:28  Marine x2  
  161  9:31  Siege Tank  
  161  9:35  SCV x2  
  161  9:37  Ghost Academy  
  161  9:38  Marine x2  
  165  9:40  Marine  
  165  9:41  SCV  
  165  9:44  Marine, Marauder x4  
  165  9:45  Marine x2  
  170  9:53  Marine x2  
  170  9:55  Marine  
  170  9:56  Marine  
  170  9:58  Marine  
  163  10:00  Medivac x2  
  163  10:01  Siege Tank  
  163  10:02  Marine x2  
  163  10:03  Siege Tank  
  163  10:05  Marauder x3  
  178  10:09  Marine  
  178  10:10  SCV  
  178  10:11  SCV x2  
  173  10:15  Marine  
  167  10:23  SCV x3  
  168  10:30  Medivac  
  168  10:33  Ghost x3  
  171  10:36  Ghost  
  171  10:41  SCV x3  
  176  10:47  Marine x2  
  167  10:51  Siege Tank  
  167  10:53  Medivac  
  167  10:56  Orbital Command  
  154  10:58  SCV x3  
  154  11:03  Marauder  
  159  11:05  Ghost x3  
  165  11:12  Concussive Shells  
  165  11:20  Terran Infantry Weapons Level 3  
  165  11:21  Sensor Tower  
  165  11:30  Terran Infantry Armor Level 3  
  165  11:35  Refinery  
  165  11:36  Ghost, Refinery  
  165  11:37  Marine x2  
  165  11:38  Marine x4  
  173  11:41  Ghost  
  175  11:47  Ghost  
  177  11:56  Marine x2  
  177  11:58  Command Center  
  177  11:59  SCV  
  177  12:00  SCV x2  
  182  12:05  Marauder  
  182  12:06  Marauder  
  186  12:10  Marauder  
  186  12:12  Command Center  
  188  12:16  Marauder  
  188  12:20  Marine  
  188  12:22  Marine  
  191  12:27  Marauder x2  
  195  12:32  Siege Tank, Ghost  
  198  12:40  Ghost  
  198  12:41  Marine x3  
  199  12:52  Terran Vehicle Weapons Level 2  
  199  12:55  Command Center x2  
  197  13:07  Sensor Tower  
  197  13:10  Ghost x2  
  197  13:11  Ghost  
  200  13:12  Marauder  
  196  13:22  Liberator x2  
  196  13:25  Orbital Command  
  200  13:39  Ghost  
  198  13:44  Ghost  
  198  13:46  SCV x2  
  193  13:50  Ghost  
  193  13:52  SCV x2  
  197  13:56  Ghost, Sensor Tower  
  198  14:06  Personal Cloaking  
  198  14:17  Command Center  
  198  14:22  Command Center  
  198  14:24  Command Center  
  198  14:27  Command Center  
  198  14:28  Ghost x2  
  191  14:32  Liberator  
  191  14:38  Ghost  
  181  14:44  Ghost  
  172  14:47  Marine  
  162  14:56  Marine  
  162  14:58  Marine, Marauder  
  158  15:01  SCV  
  158  15:06  SCV  
  152  15:07  SCV  
  152  15:09  Siege Tank  
  154  15:20  Planetary Fortress  
  156  15:24  Orbital Command x2  
  156  15:25  Orbital Command  
  153  15:35  Missile Turret  
  153  15:41  Orbital Command  
  156  15:59  Marauder  
  156  16:00  Marauder x2  
  158  16:04  Missile Turret  
  158  16:05  Sensor Tower  
  158  16:08  Refinery  
  158  16:14  Siege Tank  
  158  16:15  Siege Tank  
  164  16:23  Sensor Tower  
  164  16:28  Missile Turret  
  142  16:41  SCV x2  
  142  16:46  Siege Tank  
  142  16:47  Siege Tank  
  149  16:56  SCV x2  
  133  17:01  Ghost  
  133  17:03  Marine  
  133  17:05  Marine  
  135  17:19  Siege Tank x2  
  135  17:21  Ghost x2  
  135  17:22  Marine  
  139  17:30  Ghost x2  
  139  17:32  Marine  
  139  17:34  Marine x4  
  139  17:36  Marine  
  146  17:49  Ghost  
  146  17:51  Siege Tank x2  
  154  17:54  Marauder  
  154  17:55  Liberator x2  
  162  18:06  Marauder x2  
  162  18:10  Marine x3  
  162  18:11  Marine  
  169  18:16  Marauder  
  170  18:23  Orbital Command  
  170  18:28  Siege Tank  
  170  18:30  Command Center  
  172  18:39  Siege Tank  
  161  18:49  Medivac x2  
  165  18:58  Ghost x2  
  165  19:00  Siege Tank, Missile Turret, SCV  
  165  19:01  SCV  
  165  19:02  SCV  
  175  19:04  Missile Turret, SCV  
  176  19:13  Siege Tank  
  176  19:16  SCV x3  
  182  19:18  SCV  
  183  19:31  Marauder x3  
  181  19:32  Siege Tank, Marine  
  181  19:33  Marine  
  177  19:45  Siege Tank  
  180  19:55  Sensor Tower  
  180  20:05  Siege Tank  
  183  20:16  Planetary Fortress  
  183  20:18  Siege Tank  
  163  20:33  Marauder, Marine  
  145  20:36  Marine x3  
  145  20:37  Siege Tank  
  145  20:50  Siege Tank  
  148  20:58  Ghost  
  148  21:01  Orbital Command  
  148  21:02  Marauder  
  152  21:09  Siege Tank  
  155  21:13  Marauder x2  
  159  21:22  Siege Tank, Marine  
  159  21:23  Marine  
  159  21:24  Marauder  
  153  21:26  SCV x2  
  153  21:32  SCV x2  
  157  21:37  SCV x3  
  157  21:38  SCV  
  159  21:41  Siege Tank  
  159  21:46  Ghost  
  152  21:49  Ghost x2  
  152  21:51  Marine x4  
  152  21:52  Marine x2  
  163  21:54  Siege Tank  
  144  22:11  Ghost  
  144  22:13  Siege Tank  
  144  22:15  Ghost  
  148  22:24  Barracks Tech Lab, Marine  
  148  22:25  Orbital Command  
  148  22:26  Siege Tank  
  148  22:27  SCV x3  
  148  22:28  Orbital Command  
  155  22:37  Marine x7  
  155  22:38  Missile Turret  
  155  22:40  Marine  
  155  22:41  Missile Turret  
  155  22:42  Marine  
  155  22:43  Missile Turret, Marine  
  159  22:45  Siege Tank  
  159  22:51  Marauder  
  152  22:54  Marine  
  152  22:55  Marine  
  152  22:56  Marauder, Marine  
  152  22:58  Siege Tank  
  147  22:59  Marauder  
  144  23:12  SCV x5  
  147  23:13  SCV  
  147  23:14  Medivac  
  147  23:17  Siege Tank  
  151  23:24  Medivac, SCV  
  154  23:28  SCV x2  
  154  23:33  Marine x9  
  165  23:41  Ghost  
  165  23:42  Missile Turret  
  147  23:56  Medivac  
  147  23:57  Marine  
  147  23:58  Marine  
Tags
 
Add a new tag
Caveats
  • Supply blocks, unpowered buildings, or Contaminate may cause inaccurate times.
  • Supply counts are checked every 10 seconds.